 Dungeon Crawl Stone Soup version 0.29.1-15-g9cfb28693d (webtiles) character file.

Game seed: 12324278918177640432

34 booth the Chopper (level 3, -2/27 HPs)
             Began as a Demonspawn Gladiator on May 1, 2023.
             Was a Follower of Ru.
             Slain by a gnoll
             ... wielding a +0 flail
              (7 damage)
             ... on level 2 of the Dungeon.
             The game lasted 00:08:20 (1563 turns).

booth the Chopper (Demonspawn Gladiator)            Turns: 1563, Time: 00:08:20

Health: -2/27      AC:  5    Str: 16    XL:     3   Next: 14%
Magic:  3/3        EV: 12    Int:  9    God:    Ru [*.....]
Gold:   70         SH:  0    Dex: 14    Spells: 2/2 levels left

rFire   . . .      SeeInvis .   a - +0 war axe
rCold   . . .      Faith    .   (no shield)
rNeg    . . .      Spirit   .   b - +0 leather armour
rPois   .          Reflect  .   (helmet restricted)
rElec   .          Harm     .   (no cloak)
rCorr   .          Rampage  .   (no gloves)
Will    .....                   (no boots)
Stlth   +.........              (no amulet)
HPRegen 0.09/turn               (no ring)
MPRegen 0.08/turn               (no ring)

@: no status effects
A: antennae 1, thin metallic scales 1, unskilled 1
a: Renounce Religion


You were on level 2 of the Dungeon.
You worshipped Ru.
Ru was aware of your devotion.
You visited 1 branch of the dungeon, and saw 2 of its levels.

You collected 70 gold pieces.

Inventory:

Hand Weapons
 a - a +0 war axe (weapon)
Missiles
 d - 3 throwing nets (quivered)
 e - a javelin
Armour
 b - a +0 leather armour (worn)
Scrolls
 k - a scroll of enchant armour {unknown}
Potions
 c - a potion of heal wounds {unknown}
 f - 2 potions of curing {unknown}
 g - 2 potions of mutation {unknown}
 h - 2 potions of flight {unknown}
 j - a potion of might {unknown}
 l - a potion of invisibility


   Skills:
 + Level 2.1 Fighting
 * Level 2.9 Axes
 + Level 1.9 Throwing
 + Level 2.6 Dodging


You had 2 spell levels left.
You didn't know any spells.
Your spell library was empty.

Dungeon Overview and Level Annotations

Branches:
Dungeon (2/15)

Altars:
Ru


Innate Abilities, Weirdness & Mutations

You have a pair of small antennae on your head.
You are partially covered in thin metallic scales. (AC +2)
You are somewhat unskilled. (-1 Apt)


Message History

The hobgoblin is severely wounded.
The hobgoblin misses you. The hobgoblin barely misses you.
You slash the hobgoblin!
You kill the hobgoblin!
Found a scroll of identify.
A gnoll comes into view. It is wielding a +0 spear.
The gnoll shouts!
You hear an angry hiss.
A gnoll comes into view. It is wielding a +0 club.
A ball python comes into view.
The gnoll moves out of view.
The gnoll shouts!
You hear a shout!
A gnoll comes into view. It is wielding a +0 flail.
You hit the gnoll.
The gnoll is lightly wounded.
The gnoll hits you with a +0 club. The gnoll hits you with a +0 club!
You closely miss the gnoll.
The gnoll is lightly wounded.
The gnoll barely misses you.
You slash the gnoll!
The gnoll is almost dead.
The gnoll hits you with a +0 club.
You slash the gnoll!
You kill the gnoll!
The gnoll barely misses you. The gnoll closely misses you.
You have reached level 3!
Your experience leads to an increase in your attributes!
Increase (S)trength, (I)ntelligence, or (D)exterity?
You feel stronger. x2; Your demonic ancestry asserts itself...
Thin metallic scales grow over part of your body.
You barely miss the gnoll.
You redirect the gnoll's attack!
The gnoll barely misses itself.
The gnoll closely misses you.
You barely miss the gnoll. The gnoll barely misses you.
The gnoll hits you from afar with a +0 spear.
You closely miss the gnoll. The gnoll hits you with a +0 flail.
* * * LOW HITPOINT WARNING * * *
The gnoll barely misses you. The gnoll closely misses you.
The gnoll is stunned by your conviction and fails to attack.
The gnoll attacks as you move away! The gnoll hits you with a +0 flail!
You die...

.........#.# #..#
.~....~....# #..#
...........#### #...
............ .# #...
.g..#?....# .# ####
#..#S#.. .# # #g..#.#
.# # ###.#.###.# ### #
#..Sgg@.# ####.#######
###.########..........)
#..........##.#######
###############


You could see 2 gnolls and a ball python.

Vanquished Creatures
  A gnoll (D:2)
  A dart slug (D:1)
  4 ball pythons
  2 endoplasms (D:1)
  2 giant cockroaches
  3 hobgoblins
  4 bats
  A frilled lizard (D:1)
  4 rats (D:1)
22 creatures vanquished.

Notes
Turn   | Place    | Note
-------+----------+-------------------------------------------
     0 | D:1      | booth the Demonspawn Gladiator began the quest for the Orb.
     0 | D:1      | Reached XP level 1. HP: 16/16 MP: 1/1
   123 | D:1      | Found a faded altar of an unknown god.
   352 | D:1      | Prayed at the altar of an unknown god.
   352 | D:1      | Became a worshipper of Ru the Awakened
   365 | D:1      | Gained mutation: You are somewhat unskilled. (-1 Apt) [Ru
                  | sacrifice]
   365 | D:1      | Reduced skill Fighting to level 1
   365 | D:1      | Reached * piety under Ru
   378 | D:1      | Gained mutation: You have a pair of small antennae on your
                  | head. [demonic ancestry]
   378 | D:1      | Reached XP level 2. HP: 22/22 MP: 2/2
  1560 | D:2      | Gained mutation: You are partially covered in thin metallic
                  | scales. (AC +2) [demonic ancestry]
  1560 | D:2      | Reached XP level 3. HP: 11/27 MP: 3/3
  1563 | D:2      | Slain by a gnoll

Illustrated notes

Levels and vault maps discovered:
D:1:      dpeg_arrival_shrine, layout_loops_corners,
          chequers_ecumenical_altar_island
D:2:      layout_loops_cross, basic_altar, skrybe_limestone_x, corner_web_ring,
          kennysheep_generic_room_4

Skill      XL: |  1  2 |
---------------+-------+-----
Fighting       | 1 2 |  2.1
Axes           | |  2.9
Throwing       | |  1.9
Dodging        | |  2.6

Action                   || total
-------------------------++-------
Melee: War axe           ||    60
Invok: Sacrifice Skill   ||     1
  Use: Scroll            ||     2
Armor: Leather armour    ||    13
Dodge: Dodged            ||    45
